 Dungeon Crawl Stone Soup version bcrawl-1.18.1 (webtiles) character file.

Game seed: 2595272131504435531

768 Morbidden the Changer (level 7, -13/40 HPs)
             Began as a Vine Stalker Transmuter on Nov 7, 2019.
             Was an Initiate of Cheibriados.
             Hit by a large rock thrown by a cyclops (26 damage)
             ... on level 5 of the Dungeon.
             The game lasted 00:14:09 (3887 turns).

Morbidden the Changer (Vine Stalker Transmuter)     Turns: 3887, Time: 00:14:10

Health: -13/40     AC:  5    Str: 16    XL:     7   Next: 82%
Magic:  10/14      EV: 13    Int: 14    God:    Cheibriados [......]
Gold:   258        SH:  3    Dex: 15    Spells: 8/14 levels left

rFire    + . .     SeeInvis .     - Unarmed
rCold    . . .     Gourm    .   (no shield)
rNeg     . . .     Faith    .   v - +0 leather armour
rPois    +         Spirit   .   (no helmet)
rElec    .         Reflect  +   g - +0 cloak
rCorr    .         Harm     .   w - +0 pair of gloves
MR       .....                  (no boots)
Stlth    ++........             r - +3 amulet of reflection
HPRegen  0.53/turn              k - ring of poison resistance
MPRegen  0.14/turn              u - ring of protection from fire

@: very slightly contaminated, slow
A: fangs 3, regeneration 1, no potion heal 3, rot immunity, strong jaws
a: Bend Time, Renounce Religion


You were on level 5 of the Dungeon.
You worshipped Cheibriados.
Cheibriados was noncommittal.
You were not hungry.

You visited 2 branches of the dungeon, and saw 6 of its levels.

You collected 286 gold pieces.
You donated 28 gold pieces to Zin.

Inventory:

Missiles
 a - 2 arrows
Armour
 g - a +0 cloak (worn)
 v - a +0 leather armour (worn)
 w - a +0 pair of gloves (worn)
Jewellery
 k - a ring of poison resistance (left hand)
 n - an uncursed ring of see invisible
 r - a +3 amulet of reflection (around neck)
 u - a ring of protection from fire (right hand)
Wands
 b - a wand of polymorph (17)
 c - a wand of flame (17)
Scrolls
 i - 4 scrolls of teleportation {unknown}
 j - 6 scrolls of identify
 l - 7 scrolls of enchant armour {unknown}
 m - a scroll of amnesia {unknown}
 x - a scroll of immolation {unknown}
 y - a scroll of remove curse {unknown}
 A - a scroll of noise {unknown}
Potions
 d - a potion of lignification
 e - a potion of curing
 h - a potion of heal wounds {unknown}
 o - 2 potions of brilliance {unknown}
 p - 3 potions of magic {unknown}
 q - a potion of flight {unknown}
 s - a potion of mutation {unknown}
 t - a potion of haste {unknown}
 z - a potion of resistance {unknown}
Comestibles
 f - 10 rations {!d}
 B - 2 chunks of flesh


   Skills:
 * Level 2.9 Fighting
 + Level 0.3 Armour
 + Level 2.8 Dodging
 + Level 1.0 Stealth
 * Level 4.5 Unarmed Combat
 + Level 4.2 Spellcasting
 * Level 5.3 Transmutations
 * Level 1.1 Poison Magic
 * Level 0.4 Invocations
 + Level 0.1 Evocations


You had 8 spell levels left.
You knew the following spells:

 Your Spells              Type           Power        Failure   Level  Hunger
a - Beastly Appendage     Tmut           ###...       2%          1    None
b - Sticks to Snakes      Tmut           ###.....     4%          2    ##.....
c - Spider Form           Tmut/Pois      ##.          19%         3    ###....

Your spell library contained the following spells:

 Spells                   Type           Power        Failure   Level  Hunger
 Blade Hands              Tmut           ###.......   58%         5    ######.
 Ice Form                 Ice/Tmut       ##......     61%         4    ####...


Dungeon Overview and Level Annotations

Branches:
Dungeon (5/12)             Temple (1/1) D:4

Altars:
Ashenzari
Cheibriados
Dithmenos
Elyvilon
Fedhas
Lugonu
Makhleb
Nemelex Xobeh
Okawaru
Qazlal
Ru
Uskayaw
Xom
Zin


Innate Abilities, Weirdness & Mutations

You have razor-sharp teeth.
Your natural rate of healing is unusually fast.
Potions cannot restore your health.
You are immune to rotting.
Your bites deal extra damage.


Message History

The large rock hits you!!
Ouch! That really hurt!
* * * LOW HITPOINT WARNING * * *
Unknown command.
Unknown command.
The orc warrior hits you with a +0 hand axe.
* * * LOW HITPOINT WARNING * * *
You kill the orc warrior!
Cheibriados appreciates the change of pace.
Your Poison Magic skill increases to level 1!
You see here an adder skeleton.
Your transformation has ended.
Your +0 cloak unmelds from your body.
Your +0 pair of gloves unmelds from your body.
Your +0 leather armour unmelds from your body.
Unknown command.
It was a potion of curing.
That felt strangely inert.
The cyclops throws a large rock.
The large rock hits you!!
Ouch! That really hurt!
You die...

### ###### #######.##
######....### .........#
#...........# .........##
#...........# ..........####
#..........#
..<.....5C)..########..<.....#
.........##.รท.@...####.......##
........#########.....#.......#
........# #####......#.##
......C.# ######...#
.......#...# ###.# ....... .##.#
#.# ....... #. ### ....... #.
.....#. #.


You could see a cyclops and a shadow imp.

Vanquished Creatures
  Sigmund (D:3)
  An orc warrior (D:5)
  An ogre (D:4)
  A scorpion (D:4)
  2 orc wizards (D:4)
  An iguana (D:4)
  A worker ant (D:5)
  A hound skeleton (D:4)
  A worker ant zombie (D:4)
  A howler monkey skeleton (D:3)
  5 adders
  3 adder skeletons (D:4)
  2 worms (D:2)
  A dart slug (D:1)
  2 leopard geckos (D:1)
  4 orcs
  3 giant cockroaches (D:1)
  5 goblins
  6 hobgoblins
  A jackal (D:4)
  2 quokkas
  6 bats
  4 frilled lizards
  5 kobolds
  A leopard gecko skeleton (D:2)
  9 rats
70 creatures vanquished.

Vanquished Creatures (collateral kills)
  A black bear (D:4)
  An ogre (D:4)
  A crimson imp (D:4)
  An iguana (D:3)
  2 worker ants
  An orc (D:4)
  2 hobgoblins (D:3)
  2 jackals (D:4)
  A kobold (D:3)
  3 frilled lizards
15 creatures vanquished.

Grand Total: 85 creatures vanquished

Notes
Turn   | Place    | Note
-------+----------+-------------------------------------------
     0 | D:1      | Morbidden the Vine Stalker Transmuter began the quest for
                  | the Orb.
     0 | D:1      | Reached XP level 1. HP: 11/11 MP: 4/4
    35 | D:1      | Reached skill level 1 in Fighting
   169 | D:1      | Reached XP level 2. HP: 16/16 MP: 6/6
   401 | D:1      | Learned a level 2 spell: Sticks to Snakes
   461 | D:1      | Reached XP level 3. HP: 20/20 MP: 7/7
  1112 | D:2      | Found a sparkling altar of Nemelex Xobeh.
  1476 | D:3      | Reached XP level 4. HP: 23/25 MP: 6/8
  1695 | D:3      | Reached skill level 3 in Transmutations
  1991 | D:3      | Noticed Sigmund
  2129 | D:3      | Killed Sigmund
  2129 | D:3      | Reached XP level 5. HP: 16/30 MP: 4/10
  2230 | D:3      | Reached skill level 4 in Transmutations
  2238 | D:3      | Gained mutation: You have razor-sharp teeth. [Vine Stalker
                  | growth]
  2238 | D:3      | Reached XP level 6. HP: 28/35 MP: 2/11
  2476 | D:4      | Noticed a black bear
  2868 | D:4      | Killed a black bear
  2868 | D:4      | Reached XP level 7. HP: 40/40 MP: 6/13
  2873 | D:4      | Learned a level 3 spell: Spider Form
  3188 | D:4      | Reached skill level 5 in Transmutations
  3245 | D:4      | Reached skill level 1 in Stealth
  3306 | D:4      | Found a staircase to the Ecumenical Temple.
  3321 | Temple   | Entered the Ecumenical Temple
  3505 | Temple   | Became a worshipper of Zin the Law-Giver
  3505 | Temple   | Reached * piety under Zin
  3734 | D:5      | Entered Level 5 of the Dungeon
  3774 | Temple   | Fell from the grace of Zin
  3774 | Temple   | Became a worshipper of Cheibriados the Contemplative
  3868 | D:5      | Noticed a cyclops
  3884 | D:5      | Reached skill level 1 in Poison Magic
  3887 | D:5      | Hit by a large rock thrown by a cyclops

Skill      XL: |  1  2  3  4  5  6  7 |
---------------+----------------------+-----
Fighting       | 1 2 |  2.9
Transmutations | 3 4 5 |  5.3
Spellcasting   | 3 4 |  4.2
Unarmed Combat | 4 |  4.5
Stealth        | 1 |  1.0
Poison Magic   | 1 |  1.1
Armour         | |  0.3
Dodging        | |  2.8
Invocations    | |  0.4
Evocations     | |  0.1

Action                   |  1- 3 |  4- 6 |  7- 9 || total
-------------------------+-------+-------+-------++-------
Melee: Unarmed           |   127 |   125 |    41 ||   293
       Bite              |     8 |    16 |     2 ||    26
       Headbutt          |     8 |     4 |       ||    12
       Kick              |    14 |     5 |     2 ||    21
       Punch             |     2 |       |     2 ||     4
 Cast: Beastly Appendage |    27 |     8 |     2 ||    37
       Sticks to Snakes  |     1 |    36 |     9 ||    46
       Spider Form       |       |       |     3 ||     3
Evoke: Wand              |       |       |     5 ||     5
  Use: Scroll            |       |     2 |       ||     2
       Potion            |       |       |     1 ||     1
 Stab: Sleeping          |       |     1 |       ||     1
  Eat: Chunk             |     2 |     7 |     2 ||    11
       Ration            |       |       |     1 ||     1
Armor: Robe              |    36 |    19 |     3 ||    58
       Skin              |       |       |     1 ||     1
Dodge: Dodged            |   102 |    70 |    20 ||   192
Block: Other             |       |    16 |     5 ||    21
